 Dungeon Crawl Stone Soup version 0.27-a0-931-g5a74e75d8f (webtiles) character file.

Game seed: 370920133629056240

8 Alarkh the Insei (level 2, 21/22 HPs)
             Began as a Demonspawn Gladiator on Apr 10, 2021.
             Was a Follower of Qazlal.
             Got out of the dungeon alive.
             The game lasted 00:00:29 (230 turns).

Alarkh the Insei (Demonspawn Gladiator)              Turns: 230, Time: 00:00:30

Health: 21/22      AC:  4    Str: 14    XL:     2   Next: 0%
Magic:  2/2        EV: 12    Int:  9    God:    Qazlal [*.....]
Gold:   0          SH:  1    Dex: 14    Spells: 1/1 levels left

rFire    . . .     SeeInvis .     - Unarmed
rCold    . . .     Faith    .   (no shield)
rNeg     . . .     Spirit   .   a - +0 leather armour
rPois    .         Reflect  .   b - +0 helmet
rElec    .         Harm     .   (no cloak)
rCorr    .         Rampage  .   (no gloves)
Will     .....                  (no boots)
Stlth    +.........             (no amulet)
HPRegen  0.07/turn              (no ring)
MPRegen  0.08/turn              (no ring)

@: no status effects
A: ignite blood 1
a: Renounce Religion


You escaped.
You worshipped Qazlal.
Qazlal was aware of your devotion.
You visited 1 branch of the dungeon, and saw 1 of its levels.

Inventory:

Missiles
 c - 3 throwing nets (quivered)
Armour
 a - a +0 leather armour (worn)
 b - a +0 helmet (worn)
Scrolls
 d - a scroll of identify {unknown}


   Skills:
 + Level 2.2 Fighting
 + Level 2.0 Throwing
 - Level 2.6 Dodging
 * Level 3.0 Unarmed Combat


You had one spell level left.
You didn't know any spells.
Your spell library was empty.

Dungeon Overview and Level Annotations

Branches:
Dungeon (1/15)

Altars:
Qazlal


Innate Abilities, Weirdness & Mutations

Your demonic aura sometimes causes spilled blood to erupt in flames


Message History

You closely miss the jackal. The jackal bites you.
You hit the jackal but do no damage.
The jackal bites you but does no damage.
You hit the jackal. You punch the jackal, but do no damage.
The jackal is moderately wounded.
The jackal bites you but does no damage.
You block the jackal's attack.
You closely miss the jackal.
The jackal is moderately wounded.
The jackal misses you.
There are monsters nearby!
There are monsters nearby!
You hit the jackal.
The jackal is severely wounded.
The jackal closely misses you.
You hit the jackal.
You kill the jackal!
Qazlal accepts your kill.
You hit the jackal.
The jackal is severely wounded.
The jackal misses you.
You hit the jackal.
You kill the jackal!
Qazlal accepts your kill.
Your Throwing skill increases to level 2!
Your Unarmed Combat skill increases to level 3!
You have reached level 2!
Your demonic ancestry asserts itself...
Your blood heats up.
You see here a jackal corpse.
Found a club.
d - a scroll labelled QUUCYGGU YKOR You see here a jackal corpse.
You open the gate.
There is an open gate here.
There is an open door here.
There is an open door here.
There is a staircase leading out of the dungeon here.
Are you sure you want to leave the Dungeon?
This will make you lose the game!
You have escaped!

#...§§§§..#
#.......§.#
##.§.....##
####'####
##8.8##
###'###
#.....#
#.....#
+.>@..+
#.....#
#.....#
###+###


There were no monsters in sight!

Vanquished Creatures
  6 jackals (D:1)
6 creatures vanquished.

Notes
Turn   | Place    | Note
-------+----------+-------------------------------------------
     0 | D:1      | Alarkh the Demonspawn Gladiator began the quest for the
                  | Orb.
     0 | D:1      | Reached XP level 1. HP: 16/16 MP: 1/1
     7 | D:1      | Found a faded altar of an unknown god.
    32 | D:1      | Became a worshipper of Qazlal Stormbringer
    32 | D:1      | Reached * piety under Qazlal
   139 | D:1      | Reached skill level 3 in Unarmed Combat
   139 | D:1      | Gained mutation: Your demonic aura sometimes causes spilled
                  | blood to erupt in flames [demonic ancestry]
   139 | D:1      | Reached XP level 2. HP: 14/22 MP: 2/2
   230 | D:$      | Got out of the dungeon alive.

Illustrated notes

Levels and vault maps discovered:
D:1:      shiori_arrival_elements, layout_loops_cross,
          ebering_ecumenical_altar_sacrificial

Skill      XL: |  1 |
---------------+----+-----
Throwing       | 2 |  2.0
Unarmed Combat | 3 |  3.0
Fighting       | |  2.2
Dodging        | |  2.6

Action                   || total
-------------------------++-------
Melee: Unarmed           ||    31
       Punch             ||     1
Armor: Leather armour    ||    14
Dodge: Dodged            ||    22
Block: Other             ||     1

Table legend: (Time is in decaauts)
 A = Elapsed time spent in this place.
 B = Non-inter-level travel time spent in this place.
 C = Inter-level travel time spent in this place.
 D = Time resting spent in this place.
 E = Time spent auto-exploring this place.
 F = Levels seen in this place.
 G = Mean time per level.
                   A        B        C        D        E       F      G
               +--------+--------+--------+--------+--------+-----+--------+
         Total |    228 |    181 |     47 |      0 |    138 |   1 |  228.0 |
       Dungeon |    228 |    181 |     47 |      0 |    138 |   1 |  228.0 |
               +--------+--------+--------+--------+--------+-----+--------+

Top non-repeatable levels by time:
     D:1: 228 daAuts
